 Dungeon Crawl Stone Soup version 0.18-a0-1311-g779ca93 (webtiles) character file.

361 Duffy the Magician (level 6, 0/32 HPs)
             Began as a Deep Elf Air Elementalist on Feb 13, 2016.
             Succumbed to poison (poison gas)
             ... on level 3 of the Dungeon.
             The game lasted 00:05:03 (3680 turns).

Duffy the Magician (Deep Elf Air Elementalist)      Turns: 3680, Time: 00:05:03

Health: 0/32       AC:  4    Str:  5    XL:     6   Next: 38%
Magic:  12/17      EV: 13    Int: 22    God:
Gold:   96         SH:  0    Dex: 15    Spells: 4 memorised, 7 levels left

rFire  . . .     SeeInvis .     (no weapon)
rCold  . . .     Gourm    +     a - +0 robe
rNeg   . . .     Faith    .     (no shield)
rPois  .         Spirit   .     s - +0 helmet
rElec  .         Dismiss  .     (no cloak)
rCorr  .         Reflect  .     m - +0 pair of gloves
SustAt .         Harm     .     (no boots)
MR     .....                    l - amulet of the gourmand
Stlth  ++........               (no ring)
                                (no ring)

@: lethally poisoned (0 -> -47), very slightly contaminated, repel missiles, not
resistant to hostile enchantments, unstealthy
A: no striking features
a: no special abilities


You were on level 3 of the Dungeon.
You were completely stuffed.

You visited 1 branch of the dungeon, and saw 3 of its levels.

You collected 96 gold pieces.


   Skills:
 - Level 2.4 Dodging
 - Level 2.4 Stealth
 + Level 6.2 Spellcasting
 - Level 4.2 Conjurations
 - Level 4.4 Air Magic


You had 7 spell levels left.
You knew the following spells:

 Your Spells              Type           Power        Failure   Level  Hunger
a - Shock                 Conj/Air       ####         1%          1    None
l - Lightning Bolt        Conj/Air       ####......   50%         5    #####..
m - Repel Missiles        Chrm/Air       ###...       8%          2    None
W - Swiftness             Chrm/Air       ###.....     8%          2    None

Inventory:

Missiles
 p - 7 curare-tipped needles
 q - 23 poisoned needles
Armour
 a - a +0 robe (worn)
 m - a +0 pair of gloves (worn)
 s - a +0 helmet (worn)
Jewellery
 l - an amulet of the gourmand (around neck)
Scrolls
 d - 2 scrolls of teleportation {unknown}
 e - a scroll of blinking {unknown}
 i - a scroll of fear {unknown}
 j - 2 scrolls of remove curse {unknown}
 r - a scroll of enchant weapon {unknown}
 t - a scroll of identify {unknown}
 w - a scroll of magic mapping {unknown}
 x - a scroll of recharging {unknown}
 y - a scroll of random uselessness {unknown}
Potions
 f - 3 potions of curing {unknown}
 g - a potion of might {unknown}
 h - 2 potions of degeneration {unknown}
 k - 2 potions of ambrosia {unknown}
 u - a potion of resistance {unknown}
 A - 2 potions of haste
Books
 b - a book of Air
Comestibles
 c - 3 bread rations
 n - 2 slices of pizza
 o - a royal jelly
 v - a meat ration

Dungeon Overview and Level Annotations

Branches:
Dungeon (3/15)

Altars:
Ashenzari

Annotations:
D:3 Terence


Message History

You continue eating. x2
Magic restored.
HP restored.
Found a shattered altar of Ashenzari.
Ashenzari says, "See what I see, mortal..."
You have a sudden vision of the Shoals and the Spider Nest!
Terence the Incautious comes into view.
He is wielding a short sword.
The sea snake hisses angrily.
The centaur shouts!
Cast which spell? (? or * to list)
Aiming: Shock
Press: ? - help, Shift-Dir - straight line, f - Terence
Aim: Terence, wielding a short sword and wearing a scale mail (resting)
The zap hits Terence.
Terence appears unharmed.
Terence shouts!
There is a shattered altar of Ashenzari here.
The siren shouts!
The wolf spider hisses angrily.
You see here an adder skeleton.
Terence drinks a potion.
Terence goes berserk!
Cast which spell? (? or * to list)
Aiming: Lightning Bolt
Press: ? - help, Shift-Dir - straight line, p - Terence You miscast Lightning Bolt.
You are very lightly contaminated with residual magic.
Venomous gases pour from your hands!
You are engulfed in poison gas.
You are poisoned.
You feel sick.
Terence is engulfed in poison gas.
Terence is poisoned.
Terence hits you with a short sword.
Terence looks even sicker.
Terence hits you with a short sword.
You are engulfed in poison gas.
You are more poisoned.
You feel sick.
Terence is engulfed in poison gas.
Terence looks even sicker.
You are engulfed in poison gas.
You are more poisoned.
You die...

... #~bb#...#s..#
###.#######...#####
..#.##......%...#
.......##.###00.#
..#.#####.# ##0##
....#####.# #0###
..#.......# #0@0#
########### ###0# #
#@# # #######
#####.#### #
#.....# #........#
###.....#
#.#.#.#..#
........# #...#..#
.##.....# #
#..##..# .##.....#
#.#..##..#
.########
#....))..# ##
###########.#####


You could see Terence (berserk).

Action                   |  1- 3 |  4- 6 || total
-------------------------+-------+-------++-------
Melee: Unarmed           |       |     2 ||     2
 Cast: Shock             |    90 |   114 ||   204
       Repel Missiles    |     2 |       ||     2
  Eat: Chunk             |    10 |     8 ||    18

Notes
Turn   | Place    | Note
--------------------------------------------------------------
     0 | D:1      | Duffy the Deep Elf Air Elementalist began the quest for the Orb.
     0 | D:1      | Reached XP level 1. HP: 10/10 MP: 6/6
   125 | D:1      | Reached skill level 2 in Conjurations
   164 | D:1      | Reached XP level 2. HP: 15/15 MP: 4/8
   329 | D:1      | Learned a level 2 spell: Repel Missiles
   332 | D:1      | Learned a level 2 spell: Swiftness
   714 | D:1      | Reached skill level 3 in Conjurations
   914 | D:1      | Reached XP level 3. HP: 17/19 MP: 3/9
  1415 | D:2      | Reached skill level 4 in Conjurations
  1696 | D:2      | Reached XP level 4. HP: 24/24 MP: 5/10
  2034 | D:2      | Noticed Jessica
  2037 | D:2      | Killed Jessica
  2660 | D:3      | Reached skill level 4 in Air Magic
  2666 | D:3      | Reached XP level 5. HP: 28/28 MP: 5/11
  2673 | D:3      | Learned a level 5 spell: Lightning Bolt
  2743 | D:3      | Reached skill level 4 in Spellcasting
  3083 | D:3      | Noticed Natasha
  3089 | D:3      | Killed Natasha
  3251 | D:3      | Reached skill level 5 in Spellcasting
  3345 | D:3      | Reached XP level 6. HP: 30/32 MP: 11/16
  3481 | D:3      | Reached skill level 6 in Spellcasting
  3652 | D:3      | Found a shattered altar of Ashenzari.
  3656 | D:3      | Saw a vision of the Shoals and the Spider Nest.
  3656 | D:3      | Noticed a merfolk
  3656 | D:3      | Noticed a wolf spider
  3656 | D:3      | Noticed a redback
  3656 | D:3      | Noticed a sea snake
  3656 | D:3      | Noticed Terence
  3658 | D:3      | Noticed a siren
  3658 | D:3      | Noticed a redback
  3658 | D:3      | Noticed a redback
  3680 | D:3      | Succumbed to poison (poison gas)

Vault maps used:
D:1:      lightli_arrival_lavapool
D:2:      uniq_jessica
D:3:      first_bread, grunt_ashenzari_visionary, uniq_terence, uniq_natasha

Vanquished Creatures
  A water moccasin skeleton
  3 orc wizards Jessica Natasha
  A worker ant
  4 adders
  An ooze
  3 worms
  3 giant geckos
  10 orcs
  7 giant cockroaches
  8 goblins
  9 hobgoblins
  9 jackals
  10 kobolds
  2 ball pythons
  9 bats
  2 giant newts
  A rat
85 creatures vanquished.
